Map: Dusk Towers

Players

Elazer

  • Race: Zerg Zerg
  • League: Grandmaster

HateMe - Winner!

  • Race: Zerg Zerg
  • League: Platinum

Event: DreamHack ZOWIE Open Leipzig

VOD

Have the link to the VOD?

Description

Time

  • Played on: Jan. 22, 2016, 8:52 a.m.
  • Length: 3:31

All games in this series

Show
View Real Time Build Order
Export as new Build Order

Elazer Zerg 

Build Orders: Hatch First 

Get SALT Encoding   

  12  0:00  Drone  
  13  0:12  Overlord  
  13  0:17  Drone  
  14  0:30  Drone  
  14  0:31  Drone  
  14  0:34  Drone  
  17  0:51  Hatchery  
  17  0:53  Drone  
  17  0:57  Drone  
  18  1:07  Extractor  
  17  1:12  Spawning Pool  
  17  1:14  Drone  
  17  1:17  Drone  
  18  1:28  Drone  
  19  1:39  Overlord  
  19  1:59  Zergling x2, Queen  
  19  2:00  Zergling x2  
  23  2:03  Queen  
  23  2:04  Drone  
  26  2:09  Metabolic Boost  
  26  2:11  Drone  
  26  2:15  Drone  
  28  2:21  Drone  
  29  2:25  Drone  
  30  2:32  Baneling Nest  
  30  2:35  Queen  
  31  2:40  Spine Crawler  
  31  2:43  Zergling x4  
  31  2:58  Zergling x4  
  31  2:59  Zergling x4  
  29  3:09  Zergling x8  
Show
View Real Time Build Order
Export as new Build Order

HateMe Zerg - Winner!

Build Orders: Pool Only 

Get SALT Encoding   

  12  0:02  Drone  
  13  0:14  Extractor  
  12  0:24  Spawning Pool  
  12  0:28  Drone  
  12  0:34  Drone  
  13  0:40  Drone  
  14  0:50  Overlord  
  14  1:11  Queen  
  14  1:13  Zergling x4  
  18  1:21  Metabolic Boost  
  18  1:27  Zergling x2  
  18  1:32  Zergling x2  
  20  1:41  Baneling Nest  
  20  1:47  Zergling x2  
  20  1:50  Zergling x2  
  21  1:58  Overlord  
  21  2:09  Zergling x2  
  22  2:20  Zergling x6  
  22  2:21  Zergling x2  
  26  2:26  Baneling x2  
  26  2:29  Baneling  
  26  2:33  Zergling x2  
  27  2:42  Zergling x2  
  28  2:49  Baneling  
  28  2:52  Zergling x4  
  30  3:01  Overlord  
  28  3:09  Zergling x4  

Tags
 
Add a new tag
Caveats
  • Supply blocks, unpowered buildings, or Contaminate may cause inaccurate times.
  • Supply counts are checked every 10 seconds.